Unix NetHack Version 3.7.0-89 Work-in-progress - last build Sep 25 2023 05:26:45 (48e034876007844a536bf88644040a71d2893410,branch:master). Game began 2023-10-22 13:29:36, ended 2023-10-22 14:50:46. misanthrope, neutral male human Wizard -------- ------------- |......-##### |...........| |......| ######-...........| |......| ###|...........| #-.......# # ------.-.---- ------------ #--------# # # # .))[!=)![%!| # # # # # ###-.%[[!![!?!!| ## # # # # ##### ]*!["%[[()| ------# # # ### # ## # ----------- |...>|# ## # # # # # ------ |....-# ## # # # ###% ## ##.....| |....| ###########0 # # # # ## # |....| ------ #----.-.- # ########### ## # |...)| #|......-## #-|--.----# ##### |....| #|......| ######|...[...|##)#### # |_...| #|.......## |........###) -|------ f#########.__..| #.......| |...{...| # |....)<-#######:@e### ------ |......| --------- ##..{....| -------- -------- Misanthrope the Conjurer St:9 Dx:13 Co:20 In:16 Wi:13 Ch:9 Neutral Dlvl:3 $:29 HP:0(33) Pw:23(23) AC:8 Xp:3/66 T:1919 Fainting Latest messages: You miss the cave spider. The cave spider bites! You miss the cave spider. The cave spider bites! You kill the cave spider! You are beginning to feel hungry. You see here 7 darts. Holly picks up a dart. The iguana bites! You miss the iguana. The iguana bites! You hit the iguana! You hit the iguana! The iguana bites! You miss the iguana. You miss the iguana. You miss the iguana. You kill the iguana! You hear some noises. You kill the gecko! You swap places with Holly. Pick an object. You find a hidden passage. Pick an object. Holly picks up a dart. Wizard needs food, badly! You hit the floating eye! You are frozen by the floating eye's gaze! Holly misses the floating eye. You hear the splashing of a naiad. Holly bites the floating eye. Holly is frozen by the floating eye's gaze! The gecko bites! The gecko bites! The gecko bites! The gecko bites! The gecko bites! The gecko bites! The gecko bites! The gecko bites! The gecko bites! The gecko bites! The gecko bites! The gecko bites! The gecko bites! The gecko bites! The gecko bites! You die... Do you want your possessions identified? [ynq] (y) Do you want to see your attributes? [ynq] (y) Inventory: Coins ('$') $ - 29 gold pieces Weapons (')') a - a blessed +1 quarterstaff (weapon in hands) Armor ('[') y - a blessed +0 orcish helm (being worn) b - a blessed +0 cloak of magic resistance (being worn) Scrolls ('?') r - an uncursed scroll of fire j - an uncursed scroll of food detection z - a cursed scroll of light i - an uncursed scroll of punishment Spellbooks ('+') m - an uncursed spellbook of create monster l - a blessed spellbook of force bolt Potions ('!') g - an uncursed potion of gain energy n - a blessed potion of healing h - an uncursed potion of levitation k - an uncursed potion of object detection u - an uncursed potion of paralysis p - an uncursed potion of speed f - an uncursed potion of water Rings ('=') e - an uncursed +5 ring of gain constitution (on left hand) d - an uncursed ring of polymorph control Wands ('/') t - an uncursed wand of light (0:9) c - an uncursed wand of probing (0:5) s - an uncursed wand of slow monster (0:5) Gems/Stones ('*') o - an uncursed jasper stone named Tpy Misanthrope the Wizard's attributes: Background: You were a Conjurer, a level 3 male human Wizard. You were neutral, on a mission for Thoth who was opposed by Ptah (lawful) and Anhur (chaotic). You were in the Dungeons of Doom, on level 3. You entered the dungeon 1919 turns ago. You had 66 experience points, 14 more were needed to attain level 4. Basics: You had 0 out of 33 hit points. You had all 23 energy points (spell power). Your armor class was 8. Your wallet contained 29 zorkmids. Autopickup was off. Final Characteristics: Your strength was 9 (base:10, limit:18/100). Your dexterity was 13 (limit:18). Your constitution was 20 (base:15, innate limit:18). Your intelligence was 16 (limit:18). Your wisdom was 13 (limit:18). Your charisma was 9 (limit:18). Final Status: You were fainting due to starvation. You were unencumbered. You were wielding a quarterstaff. You had basic skill with quarterstaff. Final Attributes: You were devoutly aligned. You were magic-protected. You were telepathic. You were warded. You are dead. Miscellaneous: You never encountered a bones level. Total elapsed playing time was 48 minutes and 33 seconds. Major events: Turn 1: misanthrope the neutral male human Wizard entered the dungeon 997: entered the Gnomish Mines 1228: attained the rank of Conjurer (level 3) 1919: killed by a gecko, while frozen by a floating eye's gaze Vanquished creatures: a floating eye a dwarf a werejackal an iguana a gas spore 2 giant rats 2 cave spiders 3 gnomes 3 geckos a jackal 2 kobolds 3 goblins 3 sewer rats 6 grid bugs a kobold zombie 3 newts 34 creatures vanquished. No species were genocided or became extinct. Voluntary challenges: You read items or engraved 4 times. You never engraved Elbereth. You never genocided any monsters. You never polymorphed an object. You never changed form. You used no wishes. Achievements: You entered the Gnomish Mines. You attained the rank of Conjurer. The Dungeons of Doom: levels 1 to 3 Level 1: An altar, a fountain, a sink. Level 2: A fountain. Stairs down to The Gnomish Mines. Level 3: <- You were here. Many altars, some fountains. Final resting place for you, killed by a gecko, while frozen by a floating eye's gaze. The Gnomish Mines: Level 3: Game over: ---------- / \ / REST \ / IN \ / PEACE \ / \ | misanthrope | | 29 Au | | killed by a | | gecko | | | | | | 2023 | *| * * * | * _________)/\\_//(\/(/\)/\//\/|_)_______ Goodbye misanthrope the Wizard... You died in The Dungeons of Doom on dungeon level 3 with 401 points, and 29 pieces of gold, after 1919 moves. You were level 3 with a maximum of 33 hit points when you died.